 Dungeon Crawl Stone Soup version 0.31-a0-532-g28f74ba3e5 (webtiles) character file.

Game seed: 6917407403886091035

1770 Pooter the Cleaver (level 8, -4/71 HPs)
             Began as a Minotaur Berserker on Aug 13, 2023.
             Was a Priest of Trog.
             Succumbed to a killer bee's poison
             ... on level 4 of the Dungeon.
             The game lasted 00:19:25 (5719 turns).

Pooter the Cleaver (Minotaur Berserker)             Turns: 5719, Time: 00:19:26

Health: -4/71      AC: 12    Str: 25    XL:     8   Next: 80%
Magic:  7/7        EV:  9    Int:  4    God:    Trog [***...]
Gold:   215        SH:  0    Dex:  9    Spells: 7/7 levels left

rFire   + . .        a - +1 hand axe (flame)
rCold   . . .        (no shield)
rNeg    . . .        B - +0 chain mail
rPois   .            (helmet restricted)
rElec   .            l - +1 cloak
rCorr   .            (no gloves)
SInv    +            (no boots)
Will    .....        (no amulet) Stlth
                     S - ring of see invisible
HPRegen 0.31/turn    F - ring of protection from fire
MPRegen 0.10/turn

%: no passive effects
@: lethally poisoned (-4 -> -17), on berserk cooldown, slowed, very slow
A: horns 2, retaliatory headbutt, iridescent scales 1, inhibited regeneration
a: Renounce Religion, Berserk, Trog's Hand


You were on level 4 of the Dungeon.
You worshipped Trog.
Trog was most pleased with you.
You visited 1 branch of the dungeon, and saw 5 of its levels.
You also visited: Sewer.

You collected 215 gold pieces.

Inventory:

Hand Weapons
 a - a +1 hand axe of flaming (weapon)
   (You found it on level 3 of the Dungeon)
 b - a +0 sling
   (You found it on level 2 of the Dungeon)
 A - a +0 trident
   (You took it off an orc on level 4 of the Dungeon)
Missiles
 r - 4 poisoned darts (quivered)
 s - 3 silver javelins
 z - 3 boomerangs
 Q - 25 stones
Armour
 l - a +1 cloak (worn)
   (You found it on level 1 of the Dungeon)
 B - a +0 chain mail (worn)
   (You took it off an orc on level 4 of the Dungeon)
Jewellery
 F - a ring of protection from fire (right hand)
   (You found it on level 2 of the Dungeon)
 S - a ring of see invisible (left hand)
   (You found it on level 2 of the Dungeon)
Wands
 u - a wand of paralysis (6)
   (You found it on level 4 of the Dungeon)
Scrolls
 e - a scroll of poison {unknown}
 h - a scroll of enchant armour
 i - a scroll of brand weapon {unknown}
 n - 2 scrolls of noise {!r}
 o - a scroll of fear
 p - a scroll of blinking {unknown}
 t - 4 scrolls of teleportation {@r4}
 v - a scroll of fog {unknown}
 w - a scroll of immolation {unknown}
Potions
 c - 3 potions of invisibility {unknown}
 f - a potion of resistance {unknown}
 g - 2 potions of heal wounds {unknown}
 j - 4 potions of mutation {!q}
 k - 2 potions of attraction {unknown}
 m - a potion of enlightenment {unknown}
 q - a potion of might {unknown}
 x - 2 potions of haste {unknown}
 y - a potion of curing {unknown}


   Skills:
 + Level 6.7 Fighting
 * Level 9.0 Axes
 * Level 5.1 Ranged Weapons
 - Level 2.4 Armour
 - Level 2.1 Dodging
 - Level 5.2 Stealth


You had 7 spell levels left.
You didn't know any spells.
Your spell library was empty.

Dungeon Overview and Level Annotations

Branches:
Dungeon (5/15) Zot: 24392   Sewer (visited)
 Temple: D:4-7

Altars:
Cheibriados
The Shining One


Innate Abilities, Weirdness & Mutations

You have a pair of horns on your head.
You reflexively headbutt those who attack you in melee.
You are partially covered in iridescent scales. (AC +2)
You do not regenerate when monsters are visible.


Message History

The killer bee poisons you! The killer bee stings you.
* * * LOW HITPOINT WARNING * * *
You are lethally poisoned!
The killer bee poisons you!
You closely miss the killer bee. Your headbutt misses the killer bee.
You miss the killer bee.
* * * LOW HITPOINT WARNING * * *
You feel very sick. The killer bee stings you!
* * * LOW HITPOINT WARNING * * *
The killer bee barely misses you.
You barely miss the killer bee. You hit the killer bee.
You burn the killer bee.
* * * LOW HITPOINT WARNING * * *
You feel very sick. The killer bee barely misses you. You furiously retaliate!
You headbutt the killer bee!
You kill the killer bee!
Trog accepts your kill. The killer bee closely misses you.
Your Ranged Weapons skill increases to level 5!
You miss the killer bee.
* * * LOW HITPOINT WARNING * * *
You feel very sick.
The killer bee stings you but does no damage.
You miss the killer bee.
* * * LOW HITPOINT WARNING * * *
You feel very sick.
The killer bee stings you but does no damage.
You slash the killer bee! You burn the killer bee.
You kill the killer bee!
Trog accepts your kill.
* * * LOW HITPOINT WARNING * * *
You feel very sick.
Your Axes skill increases to level 9!
There is a lethal amount of poison in your body!
* * * LOW HITPOINT WARNING * * *
You feel very sick.
You feel a strong urge to attack something.
* * * LOW HITPOINT WARNING * * *
You feel very sick.
You are no longer berserk.
You are exhausted.
You feel yourself slow down.
* * * LOW HITPOINT WARNING * * *
You feel very sick.
It was a potion of mutation.
You feel extremely strange.
Your regeneration stops near monsters.
Iridescent scales grow over part of your body.
You die...

..# #.# ##...## ### #.#
##.## # #.# ### # #.###### #
#......# #..###.# #..# #.#
#############..###.#
#........<.....[@..#########
###########>....#†.........#
# ##.......##.###..# ##
##.#######.# #..## .## #.#
#.# #...# ..## #.# #.# ##..#
...# ##'## #.####..# ####
##...## #.......# ###
##.....## #######.#


There were no monsters in sight!

Vanquished Creatures
  A two-headed ogre (D:4)
  A black bear (D:5)
  An ogre (D:4)
  2 phantoms (D:4)
  2 scorpions (D:5)
  4 killer bees (D:4)
  A hound (D:4)
  An orc priest (D:4)
  2 jellies (D:4)
  Jessica (D:3)
  4 iguanas
  Terence (D:2)
  A hell rat (Sewer)
  An orc wizard (D:5)
  8 gnolls
  4 adders
  3 river rats (Sewer)
  An ufetubus (D:5)
  8 worms
  4 dart slugs
  10 orcs
  7 bats
  6 endoplasms
  2 giant cockroaches
  7 goblins
  6 hobgoblins
  6 ball pythons (D:1)
  5 frilled lizards
  2 kobolds (D:1)
  8 rats
110 creatures vanquished.

Notes
Turn   | Place    | Note
-------+----------+-------------------------------------------
     0 | D:1      | Pooter the Minotaur Berserker began the quest for the Orb.
     0 | D:1      | Reached XP level 1. HP: 19/19 MP: 0/0
    18 | D:1      | Reached skill level 4 in Axes
    18 | D:1      | Reached XP level 2. HP: 27/27 MP: 1/1
   211 | D:1      | Reached skill level 1 in Stealth
   693 | D:1      | Reached XP level 3. HP: 32/33 MP: 2/2
   931 | D:2      | Found a snail-covered altar of Cheibriados.
  1388 | D:2      | Noticed Terence
  1400 | D:2      | Killed Terence
  1401 | D:2      | Reached XP level 4. HP: 38/40 MP: 3/3
  1403 | D:2      | Reached ** piety under Trog
  2148 | D:3      | Reached skill level 5 in Axes
  2226 | D:3      | Found a glowing drain.
  2252 | Sewer    | Entered a sewer
  2265 | Sewer    | Reached XP level 5. HP: 37/47 MP: 4/4
  2344 | Sewer    | Reached skill level 1 in Ranged Weapons
  2478 | D:3      | Noticed Jessica
  2481 | D:3      | Killed Jessica
  3026 | D:4      | Reached XP level 6. HP: 33/53 MP: 5/5
  3116 | D:4      | Reached skill level 6 in Axes
  3463 | D:4      | Reached skill level 5 in Fighting
  3555 | D:4      | Reached XP level 7. HP: 31/61 MP: 6/6
  3602 | D:4      | Noticed a two-headed ogre
  3605 | D:4      | Killed a two-headed ogre
  3606 | D:4      | Reached skill level 7 in Axes
  3606 | D:4      | Reached skill level 5 in Stealth
  3606 | D:4      | Reached XP level 8. HP: 70/70 MP: 7/7
  4038 | D:4      | Found a glowing golden altar of the Shining One.
  4133 | D:4      | Reached *** piety under Trog
  4134 | D:4      | Reached skill level 8 in Axes
  4283 | D:5      | Entered Level 5 of the Dungeon
  5713 | D:4      | Reached skill level 5 in Ranged Weapons
  5716 | D:4      | Reached skill level 9 in Axes
  5717 | D:4      | HP: 5/106 [poisoned by a killer bee]
  5718 | D:4      | HP: 1/71 [poisoned by a killer bee]
  5719 | D:4      | Gained mutation: You do not regenerate when monsters are
                  | visible. [potion of mutation]
  5719 | D:4      | Gained mutation: You are partially covered in iridescent
                  | scales. (AC +2) [potion of mutation]
  5719 | D:4      | Succumbed to a killer bee's poison

Illustrated notes

Levels and vault maps discovered:
D:1:      minmay_arrival_statue_studded, layout_basic
D:2:      layout_basic, basic_altar, uniq_terence
D:3:      layout_loops_ring, cheibrodos_sewer_entry_drain,
          chequers_serial_rivers_room_b, minmay_ruptured, uniq_jessica
D:4:      layout_loops_corners, nicolae_tso_swordbearing_angel
D:5:      layout_rooms, kennysheep_generic_room_16

Skill      XL: |  1  2  3  4  5  6  7  8 |
---------------+-------------------------+-----
Axes           | 4 5 6 7 9 |  9.0
Stealth        | 1 2 3 5 |  5.2
Fighting       | 4 5 6 |  6.7
Ranged Weapons | 1 2 3 5 |  5.1
Armour         | |  2.4
Dodging        | |  2.1

Action                     |  1- 3 |  4- 6 |  7- 9 || total
---------------------------+-------+-------+-------++-------
  Melee: Hand axe          |    66 |    84 |    61 ||   211
         Headbutt          |    10 |    15 |     9 ||    34
         Punch             |       |     2 |       ||     2
   Fire: Sling             |     6 |    99 |    42 ||   147
  Throw: Dart              |       |     6 |     2 ||     8
 Invoke: Berserk           |     2 |     3 |     2 ||     7
         Trog's Hand       |       |     1 |       ||     1
  Evoke: Wand              |       |       |     1 ||     1
    Use: Scroll            |       |     3 |     1 ||     4
         Potion            |       |       |     1 ||     1
   Stab: Sleeping          |       |     2 |     1 ||     3
 Armour: Animal skin       |     4 |       |       ||     4
         Ring mail         |    15 |    18 |    13 ||    46
         Chain mail        |       |       |    15 ||    15
  Dodge: Dodged            |    44 |    50 |    36 ||   130

Table legend: (Time is in decaauts)
 A = Elapsed time spent in this place.
 B = Non-inter-level travel time spent in this place.
 C = Inter-level travel time spent in this place.
 D = Time resting spent in this place.
 E = Time spent auto-exploring this place.
 F = Levels seen in this place.
 G = Mean time per level.
                   A        B        C        D        E       F      G
               +--------+--------+--------+--------+--------+-----+--------+
         Total |   5823 |   5630 |    193 |   1885 |   2818 |   6 |  970.5 |
       Dungeon |   5607 |   5414 |    193 |   1777 |   2771 |   5 | 1121.4 |
         Sewer |    216 |    216 |      0 |    108 |     47 |   1 |  216.0 |
               +--------+--------+--------+--------+--------+-----+--------+

Top non-repeatable levels by time:
     D:4: 1938 daAuts
     D:2: 1226 daAuts
     D:1: 931 daAuts
     D:5: 847 daAuts
     D:3: 664 daAuts
   Sewer: 216 daAuts
